AoeStats
← (° ^ °)???

Arena

509149520Analyzed
4v4 RM · 7d ago on Sep 25, 2026· 51m 21s· 8 players
Game mode
Random Map
Map size
Large (8 player)
Population
200
Speed
Normal
Resources
Standard
Victory
Conquest
Starting age
Dark Age
Ending age
Imperial Age
RankedLock teamsTeams togetherTeam positionsShared explorationLock speedFull tech treeHidden civsTurbo modeCheats
Victory
Defeat
🇨🇳 Teutons · China
1618
+13
🇩🇪 Sicilians · Germany
1557
+16
🇩🇪 Malay · Germany
1527
+17
🇵🇪 Burgundians · Peru
1466
+20
🇹🇼 Slavs · Taiwan
1570
-17
🇦🇷 Italians · Argentina
1559
-17
🇨🇳 Saxons · China
1547
-16
🇩🇪 Burgundians · Germany
1537
-16
Chris Becker
4:32 Double-Bit Axe
7:30 Horse Collar
11:35 Feudal Age
15:21 Castle Age
13:42 Bow Saw
13:55 Gold Mining
19:23 Pikeman
20:48 Scale Mail Armor
21:03 Squires
22:44 Wheelbarrow
23:08 Chain Mail Armor
23:46 Gold Shaft Mining
23:13 Loom
24:25 Hand Cart
28:57 Heavy Plow
32:36 Imperial Age
30:17 Scale Barding Armor
30:22 Forging
30:50 Stone Mining
32:35 Two-Man Saw
32:32 Stone Shaft Mining
32:19 Chain Barding Armor
32:35 Iron Casting
32:01 Padded Archer Armor
32:57 Crop Rotation
31:59 Cavalier
32:40 Husbandry
34:28 Chemistry
34:58 Light Cavalry
38:21 Hussar
40:40 Burgundian Vineyards
41:01 Leather Archer Armor
41:22 Plate Barding Armor
43:35 Conscription
44:07 Elite Skirmisher
48:39 Fletching
49:36 Ballistics
49:16 Bodkin Arrow
51:44 Bracer
Emily001
10:25 Feudal Age
14:06 Castle Age
12:20 Horse Collar
12:26 Double-Bit Axe
15:43 Bow Saw
18:34 Wheelbarrow
20:17 Loom
22:25 Gold Mining
25:43 Forging
28:20 Imperial Age
26:23 Hand Cart
26:16 Town Watch
26:59 Scale Mail Armor
27:34 Iron Casting
26:27 Man-at-Arms
28:03 Chain Mail Armor
27:38 Fletching
27:24 Long Swordsman
28:04 Squires
28:32 Two-Handed Swordsman
28:41 Elite Skirmisher
30:12 Padded Archer Armor
30:53 Plate Mail Armor
31:55 Blast Furnace
32:08 Bodkin Arrow
32:13 Padded Archer Armor
32:40 Ballistics
33:21 Chemistry
33:07 Druzhina
34:48 Leather Archer Armor
34:47 Masonry
34:10 Champion
36:40 Conscription
37:43 Ring Archer Armor
38:11 Stone Mining
39:00 Gold Shaft Mining
39:56 Coinage
41:39 Two-Man Saw
41:35 Fortified Wall
46:23 Conscription
46:52 Capped Ram
47:10 Onager
(° ^ °)???
8:41 Loom
10:37 Feudal Age
14:28 Castle Age
14:19 Double-Bit Axe
14:20 Horse Collar
15:55 Gold Mining
20:48 Town Watch
27:17 Redemption
31:17 Fortified Wall
31:54 Masonry
33:29 Wheelbarrow
34:25 Clerical Recruitment
37:05 Gold Shaft Mining
36:48 Hand Cart
36:54 Hand Cart
38:13 Bow Saw
41:45 Imperial Age
38:56 Crossbowman
39:42 Thumb Ring
40:00 Stone Mining
41:37 Ballistics
41:40 Fletching
42:29 Sanctity
42:14 Padded Archer Armor
41:57 Treadmill Crane
42:27 Bodkin Arrow
43:39 Chemistry
43:06 Conscription
43:21 Guilds
42:33 Arbalester
44:31 Block Printing
44:33 Bracer
45:26 Capped Ram
47:00 Illumination
47:27 Squires
47:18 Siege Ram
48:49 Heavy Plow
50:28 Elite Varangian Guard
amtiky
6:09 Loom
8:25 Feudal Age
10:25 Fletching
11:57 Double-Bit Axe
15:11 Horse Collar
22:39 Castle Age
21:29 Stone Mining
22:31 Gold Mining
24:00 Bow Saw
23:50 Heavy Plow
24:53 Bodkin Arrow
26:49 Wheelbarrow
30:52 Masonry
32:59 Guard Tower
33:29 Ballistics
36:50 Thumb Ring
36:06 Crossbowman
36:58 Elite Skirmisher
41:39 Imperial Age
47:40 Hand Cart
48:26 Two-Man Saw
BigBanana
3:51 Double-Bit Axe
7:33 Horse Collar
10:50 Feudal Age
14:55 Castle Age
13:15 Heavy Plow
14:40 Scale Barding Armor
14:56 Forging
15:49 Wheelbarrow
16:52 Gold Mining
17:36 Bow Saw
19:03 Husbandry
19:34 Scale Barding Armor
19:18 Loom
22:03 Two-Man Saw
21:34 Crop Rotation
22:50 Man-at-Arms
32:19 Town Watch
35:20 Hand Cart
41:02 Imperial Age
39:06 Padded Archer Armor
40:10 Gold Shaft Mining
39:27 Stone Mining
40:10 Leather Archer Armor
39:46 Fletching
40:25 Scale Mail Armor
40:26 Bodkin Arrow
42:47 Chemistry
42:33 Squires
42:11 Pikeman
43:11 Chain Mail Armor
43:33 Iron Casting
43:07 Burgundian Vineyards
43:23 Conscription
42:28 Light Cavalry
44:21 Halberdier
46:16 Capped Ram
46:41 Capped Ram
Bz_青红
5:56 Loom
8:25 Feudal Age
9:59 Fletching
14:50 Double-Bit Axe
22:49 Castle Age
20:56 Horse Collar
24:41 Bodkin Arrow
28:52 Imperial Age
26:39 Bow Saw
27:24 Heavy Plow
28:29 Bodkin Arrow
28:56 Town Watch
31:54 Wheelbarrow
33:10 Chemistry
33:39 Conscription
32:53 Pikeman
33:57 Hand Cart
35:18 Halberdier
36:00 Squires
36:01 Scale Mail Armor
36:02 Padded Archer Armor
36:14 Forging
37:49 Chain Mail Armor
40:55 Bombard Tower
42:00 Masonry
42:57 Masonry
42:39 Guard Tower
43:12 Padded Archer Armor
42:45 Onager
45:54 Siege Onager
51:15 Plate Mail Armor
51:21 Iron Casting
Sternburg Export
12:16 Feudal Age
12:31 Feudal Age
12:42 Double-Bit Axe
15:29 Castle Age
13:17 Horse Collar
14:51 Loom
21:28 Bow Saw
22:31 Wheelbarrow
26:46 Imperial Age
24:12 Fletching
24:35 Padded Archer Armor
24:02 Crossbowman
25:20 Bodkin Arrow
25:26 Padded Archer Armor
25:34 Thumb Ring
26:24 Bracer
27:32 Chemistry
27:07 Hand Cart
26:37 Town Watch
28:58 Leather Archer Armor
29:27 Arbalester
33:04 Ballistics
33:23 Ring Archer Armor
35:00 Siege Engineers
39:25 Forging
39:27 Masonry
40:10 Treadmill Crane
41:04 Coinage
41:01 Heavy Plow
41:39 Murder Holes
46:56 Conscription
DonDanileau
9:05 Loom
10:53 Feudal Age
13:59 Fletching
18:46 Double-Bit Axe
23:28 Castle Age
21:13 Horse Collar
26:36 Heavy Plow
30:49 Gold Mining
32:20 Wheelbarrow
31:30 Town Watch
32:29 First Crusade
32:19 Scale Mail Armor
32:29 Forging
33:15 Bow Saw
33:39 Chain Mail Armor
36:24 Imperial Age
35:08 Hand Cart
36:09 Iron Casting
36:16 Squires
36:01 Arson
37:38 Plate Mail Armor
38:09 Blast Furnace
36:43 Elite Serjeant
36:52 Capped Ram
38:35 Siege Ram
51:41 Caravan
Connection lost

Rejoining the realm…

Still unreachable

The connection could not be restored.

Session expired

The server has moved on; the page needs a fresh start.